[Event "*** Titled Tuesday Blitz"]
[Site "Chess.com"]
[Date "2020.12.29"]
[Round "4"]
[White "StellarChessPro"]
[Black "Zmeeed63"]
[Result "1-0"]
[WhiteElo "2491"]
[BlackElo "2324"]
[TimeControl "180+1"]
[EndTime "10:39:19 PST"]
[Termination "StellarChessPro won on time"]

1. d4 Nf6 2. Bg5 e6 3. e4 h6 4. Bxf6 Qxf6 5. c3 b6 6. Bd3 Bb7 7. Ne2 c5 8. O-O Qd8 9. f4 Qc7 10. f5 Nc6 11. fxe6 dxe6 12. d5 exd5 13. exd5 Ne5 14.
Bb5+ Nd7 15. Nf4 a6 16. Ba4 b5 17. Bc2 O-O-O 18. a4 Bd6 19. g3 Nf6 20. axb5 axb5 21.
Na3 Qb6 22. c4 Bxf4 23. Rxf4 bxc4 24. Nxc4 Qc7 25. Rxf6 gxf6 26. Be4 Kb8 27. Qa4 Rxd5 28. Qa7+ Kc8 29. Nb6+ Kd8 30. Nxd5 Bxd5 31. Qxc7+ Kxc7 32. Bxd5 Rb8 33. Ra7+ Kd6 34. Bf3 Rxb2 35. Rxf7 Ke5 36.
Rc7 Kd4 37. Bg2 c4 38. Rd7+ Ke3 39. Re7+ Kd4 40. Rd7+ Ke3 41. Rc7 Kd4 42. Bf1 c3 43. Rc4+ Ke3 44. Rxc3+ Kd2 45. Rf3 Rb6 46. h4 Re6 47.
Kg2 Kd1 48. g4 Kd2 49. Kf2 Kd1 50. Rd3+ Kc2 51. Rd7 Kc3 52. Bg2 Rb6 53. Be4 Kc4 54. Kf3 Kc5 55. Kf4 Rb2 56. Rd5+ Kc4 57. Rd1 Rf2+ 58. Bf3 Kc5 59. Rd5+ Kc4 60. Rf5 Kd4 61.
Rxf6 h5 62. gxh5 1-0

[Event "*** Titled Tuesday Blitz"]
[Site "Chess.com"]
[Date "2020.12.29"]
[Round "4"]
[White "FrenchMonster2002"]
[Black "glebus008"]
[Result "1-0"]
[WhiteElo "2432"]
[BlackElo "2234"]
[TimeControl "180+1"]
[EndTime "10:39:19 PST"]
[Termination "FrenchMonster2002 won by checkmate"]

1. e4 e6 2. d4 d5 3. Nc3 Nf6 4. e5 Nfd7 5. f4 c5 6. Nf3 Nc6 7. Be3 cxd4 8. Nxd4 Bc5 9. Qd2 O-O 10. O-O-O a6 11.
Qf2 Bxd4 12. Bxd4 b5 13. Bd3 b4 14. Na4 a5 15. Bb5 Bb7 16. Kb1 Qc7 17. h4 Rac8 18.
Rc1 Nxd4 19. Qxd4 Bc6 20. Bxc6 Qxc6 21. b3 Nc5 22. Nxc5 Qxc5 23. Qxc5 Rxc5 24. Kb2 Rfc8 25. Rh3 Rc3 26. Rd3 f6 27. g4 fxe5 28. fxe5 Kf7 29. Rf1+ Ke7 30. Rxc3 Rxc3 31. a3 Re3 32. axb4 axb4 33.
Rf4 Rxe5 34. Rxb4 Kf6 35. Rf4+ Kg6 36. b4 h5 37. Kc3 hxg4 38. Rxg4+ Kf6 39. b5 d4+ 40.
Kc4 Rd5 41. Rxd4 Rh5 42. b6 Rh8 43. Kb5 Rb8 44. c4 e5 45. Rd1 e4 46. c5 Ke5 47. c6 e3 48. c7 Rf8 49. b7 Ke4 50. c8=Q Rxc8 51. bxc8=Q e2 52. Re1 Kf3 53. Qf5+ Kg3 54. Rxe2 g5 55. Qxg5+ Kf3 56. Re3+ Kf2 57.
Qg3+ Kf1 58. Re1# 1-0

[Event "*** Titled Tuesday Blitz"]
[Site "Chess.com"]
[Date "2020.12.29"]
[Round "4"]
[White "Bulldog167"]
[Black "rubhani"]
[Result "1-0"]
[WhiteElo "2688"]
[BlackElo "2485"]
[TimeControl "180+1"]
[EndTime "10:39:22 PST"]
[Termination "Bulldog167 won by checkmate"]

1. e4 Nc6 2. Nf3 d5 3. exd5 Qxd5 4. Nc3 Qd8 5. Bb5 Nf6 6. Ne5 Bd7 7. Bxc6 Bxc6 8.
Nxc6 bxc6 9. O-O e6 10. b3 Be7 11. Bb2 O-O 12. d3 Nd5 13. Qf3 Bf6 14. Na4 Bxb2 15. Nxb2 Qg5 16. Nc4 Rad8 17. a3 Rfe8 18. Rfe1 e5 19.
Qg3 Qxg3 20. hxg3 f6 21. f3 Nb6 22. Nd2 Kf7 23. g4 Rh8 24. Kf1 h5 25. gxh5 Rxh5 26. Kf2 Rdh8 27. Ne4 Nd5 28. Ng3 Rh2 29. Rh1 Nf4 30.
Rhg1 Nh3+ 31. Ke3 Nxg1 32. Rxg1 Ke6 33. Kf2 a5 34. a4 Kd5 35. Re1 g6 36. Re4 f5 37.
Rc4 R8h4 38. Rc3 Rd4 39. Ne2 Rb4 40. Ng3 Rh8 41. Nf1 Kd4 42. Rxc6 Rh7 43. Ne3 Rb6 44. Rc4# 1-0

[Event "*** Titled Tuesday Blitz"]
[Site "Chess.com"]
[Date "2020.12.29"]
[Round "4"]
[White "Harry_Rakkel"]
[Black "esskeettit"]
[Result "1-0"]
[WhiteElo "2642"]
[BlackElo "2463"]
[TimeControl "180+1"]
[EndTime "10:39:22 PST"]
[Termination "Harry_Rakkel won on time"]

1. d4 Nf6 2. c4 e6 3. Nc3 d5 4.
cxd5 exd5 5. Bg5 Be7 6. e3 O-O 7. Bd3 c6 8. Nge2 Nbd7 9. Qc2 Re8 10. O-O Nf8 11. f3 g6 12. Kh1 Ne6 13. Bh4 Ng7 14. Bf2 c5 15. dxc5 Bxc5 16. Nd4 Bxd4 17. exd4 Bf5 18. Bh4 Qd6 19. Nb5 Qb6 20. Bxf6 Qxf6 21.
Nc7 Rec8 22. Nxd5 Qd6 23. Nc3 Qxd4 24. Rad1 Qh4 25. Qf2 Qxf2 26. Rxf2 Bxd3 27. Rxd3 Rd8 28. Rfd2 Rxd3 29. Rxd3 Re8 30. g4 Ne6 31. Nd5 Kg7 32.
Kg1 Rc8 33. Rd2 Rd8 34. Rd1 Nf4 35. Ne3 Rc8 36. Kf2 b5 37. h4 h5 38. g5 a6 39.
Rd2 Rc6 40. Kg3 Ne6 41. f4 Nc5 42. Kf3 Ne6 43. f5 gxf5 44. Nxf5+ Kf8 45. Ke4 Rc4+ 46.
Ke5 Rg4 47. Rd7 Ke8 48. Re7+ Kf8 49. Ra7 Rg1 50. Ra8+ 1-0

[Event "*** Titled Tuesday Blitz"]
[Site "Chess.com"]
[Date "2020.12.29"]
[Round "4"]
[White "maximnovik"]
[Black "konradrutkowski"]
[Result "1-0"]
[WhiteElo "2615"]
[BlackElo "2385"]
[TimeControl "180+1"]
[EndTime "10:39:22 PST"]
[Termination "maximnovik won on time"]

1. Nf3 Nf6 2. g3 g6 3. Bg2 Bg7 4. O-O O-O 5. d4 d6 6. c4 Nc6 7. Nc3 a6 8. Re1 Rb8 9. Rb1 b5 10. cxb5 axb5 11. b4 Re8 12. e4 e5 13. d5 Nd4 14. Be3 Ng4 15. Bd2 f5 16. h3 Nf6 17.
Bg5 h6 18. Bxf6 Qxf6 19. Qd3 Rf8 20. Nh4 f4 21. Rbc1 f3 22. Bf1 g5 23. Nf5 Bxf5 24. exf5 Qxf5 25. Qxf5 Rxf5 26. Ne4 Rf7 27. Rc3 Ra8 28. a3 Ra7 29. Rec1 Kh7 30. Bd3 Ne2+ 31. Bxe2 fxe2 32. Re1 Kg6 33. Rxe2 h5 34. Kg2 g4 35.
hxg4 hxg4 36. Rec2 Bh6 37. Rc6 Kf5 38. Re2 1-0

[Event "*** Titled Tuesday Blitz"]
[Site "Chess.com"]
[Date "2020.12.29"]
[Round "4"]
[White "Marianov_Podstavnikov"]
[Black "theturtlemoves"]
[Result "1-0"]
[WhiteElo "2264"]
[BlackElo "2349"]
[TimeControl "180+1"]
[EndTime "10:39:22 PST"]
[Termination "Marianov_Podstavnikov won by resignation"]

1. e4 e5 2. Nf3 Nc6 3. Bb5 Nf6 4.
O-O Nxe4 5. d4 Nd6 6. Bxc6 dxc6 7. dxe5 Nf5 8. Qxd8+ Kxd8 9. Nc3 Ke8 10. Rd1 Be6 11.
Bf4 Bb4 12. Ne4 Bd5 13. Ng3 Nxg3 14. hxg3 Rd8 15. c3 Be7 16. Rd2 h6 17. b3 c5 18.
Rad1 Be6 19. Rxd8+ Bxd8 20. Nd2 Kd7 21. Ne4+ Kc6 22.
f3 Be7 23. g4 a5 24. g5 h5 25. c4 a4 26. Nc3 axb3 27. axb3 Ra8 28. Nd5 Bf8 29. g6 fxg6 30. Bg5 Ra3 31. Nf4 Bf7 32. Rd8 Rxb3 33. Rxf8 Bxc4 34. e6 Bxe6 35. Nxe6 Rd3 36.
Rc8 Rd7 37. Bf4 b5 38. Bxc7 b4 39. Bg3+ Kd5 40. Nxc5 Rf7 41. Ne4 Rb7 42. Rb8 Rxb8 43. Bxb8 b3 44. Nd2 b2 45. Ba7 g5 46. g3 g4 47. f4 g5 48. fxg5 Ke5 49. Be3 Kf5 50. Kf2 Kg6 51. Ke2 h4 52. gxh4 Kh5 53. Kf2 1-0

[Event "*** Titled Tuesday Blitz"]
[Site "Chess.com"]
[Date "2020.12.29"]
[Round "4"]
[White "GigaQuparadze"]
[Black "TheBigBoss04"]
[Result "1-0"]
[WhiteElo "2898"]
[BlackElo "2732"]
[TimeControl "180+1"]
[EndTime "10:39:23 PST"]
[Termination "GigaQuparadze won on time"]

1. e4 c5 2. Ne2 Nc6 3. Nbc3 Nf6 4. g3 d5 5. exd5 Nxd5 6. Bg2 Nf6 7. O-O e6 8. b3 Be7 9. Bb2 O-O 10. Re1 e5 11. h3 Bf5 12. g4 Bg6 13. Ng3 Bd6 14. d3 a6 15. h4 h6 16. h5 Bh7 17. Nce4 Re8 18. Nxd6 Qxd6 19. Bxc6 bxc6 20. Qf3 Nd5 21. Ne4 Qe7 22. Rad1 Rad8 23. Nc3 Nf4 24. Ne2 Ne6 25. Ng3 Nd4 26. Bxd4 cxd4 27. Re2 Qg5 28. Rde1 Rd6 29.
Ne4 Bxe4 30. Rxe4 Rf6 31. Qg3 Rfe6 32. Kg2 c5 33. R1e2 a5 34. a4 Qf6 35. Qf3 Qd8 36.
Qg3 Qf6 37. Kh3 Qg5 38. Qh4 Qc1 39. Kg2 Kf8 40. Qg3 Qg5 41. c3 Kg8 42. cxd4 cxd4 43. Rc2 Rb6 44. Rc5 Rxb3 45. Rxd4 Qe7 46. Rdd5 e4 47. Re5 Rxd3 48. Qf4 Qf8 49. Qxe4 Rdd8 50. Rxa5 Rxe5 51. Rxe5 Qa3 52. a5 Qb3 53. Re8+ Rxe8 54. Qxe8+ Kh7 55. Qe4+ Kg8 56. a6 Qb6 57. Qa8+ Kh7 58. a7 Qe6 59. Qf3 1-0

[Event "*** Titled Tuesday Blitz"]
[Site "Chess.com"]
[Date "2020.12.29"]
[Round "4"]
[White "Grammnik"]
[Black "KetiGrant"]
[Result "1-0"]
[WhiteElo "2317"]
[BlackElo "2443"]
[TimeControl "180+1"]
[EndTime "10:39:23 PST"]
[Termination "Grammnik won on time"]

1. d4 Nf6 2. c4 g6 3. Nc3 Bg7 4.
e4 d6 5. Nf3 O-O 6. Be2 e5 7. O-O Nc6 8. d5 Ne7 9. Nd2 Nd7 10. b4 a5 11. bxa5 Rxa5 12. Nb3 Ra8 13. Be3 b6 14. a4 f5 15. f3 f4 16. Bf2 g5 17. a5 bxa5 18. c5 Nf6 19. Rxa5 Rxa5 20. Nxa5 h5 21. Nc6 Qd7 22. Bb5 Nxc6 23.
dxc6 Qe7 24. cxd6 cxd6 25. Bc4+ Kh8 26. Qa1 g4 27. Qa7 Qe8 28. Qc7 Qg6 29. Be2 g3 30. hxg3 fxg3 31. Be3 Bh6 32. Bxh6 Qxh6 33. Qxd6 Re8 34. f4 exf4 35. e5 Ng8 36. Bd3 Qg5 37. e6 Rxe6 38. Qxf4 Qc5+ 39. Kh1 Qxc3 40. Qf5 1-0

[Event "*** Titled Tuesday Blitz"]
[Site "Chess.com"]
[Date "2020.12.29"]
[Round "4"]
[White "stephan97"]
[Black "Abdimalik_Abdisalimov"]
[Result "1-0"]
[WhiteElo "2242"]
[BlackElo "2430"]
[TimeControl "180+1"]
[EndTime "10:39:23 PST"]
[Termination "stephan97 won on time"]

1. d4 Nf6 2. c4 g6 3. Nc3 Bg7 4. e4 d6 5. Nf3 O-O 6. Be2 Bg4 7. Be3 Nfd7 8. Ng1 Bxe2 9. Ngxe2 e5 10. Qd2 Nc6 11. d5 Ne7 12. g4 a6 13. h4 Rb8 14.
h5 b5 15. hxg6 fxg6 16. Bh6 Bxh6 17. Qxh6 Rf7 18. f4 Qf8 19. Qxf8+ Rfxf8 20. cxb5 axb5 21. f5 b4 22. Nd1 Nf6 23. Nf2 gxf5 24. gxf5 c6 25.
dxc6 Nxc6 26. O-O-O Rbd8 27. Kb1 Kf7 28. Ng3 Rg8 29.
Nh5 Ne8 30. Rdg1 Rxg1+ 31. Rxg1 Nd4 32. Ng4 b3 33. axb3 Rb8 34. Nh6+ Ke7 35. Ng7 Rxb3 36. Nxe8 Kxe8 37. f6 Rf3 38. Rg8+ Kd7 39. f7 Ne6 40.
Nf5 1-0

[Event "*** Titled Tuesday Blitz"]
[Site "Chess.com"]
[Date "2020.12.29"]
[Round "4"]
[White "Firegrizzly"]
[Black "Arseniy_Nesterov"]
[Result "0-1"]
[WhiteElo "2597"]
[BlackElo "2773"]
[TimeControl "180+1"]
[EndTime "10:39:24 PST"]
[Termination "Arseniy_Nesterov won by resignation"]

1. e4 e5 2. Nf3 Nc6 3. Bc4 Bc5 4.
c3 Nf6 5. d4 exd4 6. e5 d5 7.
Be2 Ne4 8. cxd4 Bb6 9. O-O O-O 10. h3 f6 11. Nc3 fxe5 12. dxe5 Be6 13. Nxe4 dxe4 14. Ng5 Qxd1 15. Bxd1 Bc4 16. Bb3 Bxb3 17. axb3 Nxe5 18. Nxe4 Nd3 19. Be3 Bxe3 20. fxe3 Nxb2 21.
Rxf8+ Kxf8 22. Nc5 Ke7 23. Nxb7 Nd3 24. Na5 Ne5 25.
Rc1 Kd6 26. Rd1+ Kc5 27. e4 c6 28. Rc1+ Kb4 29. Nxc6+ Nxc6 30. Rxc6 Kxb3 31. Rc7 a5 32. Rxg7 a4 33. Rb7+ Kc2 34. Rc7+ Kd2 35. Kf2 a3 36.
Rd7+ Kc2 37. Rc7+ Kd3 38. Rd7+ Kxe4 39. Re7+ Kd5 40. Rd7+ Kc5 41. Rc7+ Kd6 42. Rc1 a2 43. Ra1 Kd5 44. g4 Kc4 45. Kg3 Kb3 46. Kh4 Ra5 47.
g5 Kb2 48. Rg1 a1=Q 49. Rxa1 Kxa1 50. Kh5 Ra6 51. h4 Kb2 52. Kg4 Kc3 53. h5 Kd4 54.
Kf5 Ra1 55. g6 Rf1+ 56. Kg5 hxg6 57. hxg6 Ke5 58. g7 Rg1+ 59. Kh6 Kf6 60. g8=N+ Rxg8 0-1

[Event "*** Titled Tuesday Blitz"]
[Site "Chess.com"]
[Date "2020.12.29"]
[Round "4"]
[White "Loy_Konstantin"]
[Black "MuhittinBuker"]
[Result "1-0"]
[WhiteElo "2403"]
[BlackElo "2121"]
[TimeControl "180+1"]
[EndTime "10:39:25 PST"]
[Termination "Loy_Konstantin won on time"]

1. e4 e5 2. Nf3 Nc6 3. d4 exd4 4. Nxd4 Bc5 5. Be3 Qf6 6. Nb5 Bxe3 7. fxe3 Qh4+ 8. g3 Qd8 9. Qg4 g6 10. Qf4 d6 11. N1c3 Nf6 12. O-O-O O-O 13. Nxc7 Nh5 14. Qxd6 Qxd6 15. Rxd6 Rb8 16. Be2 Ng7 17. Rhd1 Be6 18. N3d5 Rfc8 19. Nxe6 Nxe6 20. Bg4 Re8 21. Nf6+ Kg7 22.
Nxe8+ Rxe8 23. Bxe6 fxe6 24. Rd7+ Ne7 25. Rxb7 Kf6 26. Rxa7 h5 27. Ra6 g5 28. Ra5 h4 29.
Rf1+ Kg6 30. gxh4 gxh4 31. Rg1+ Kf6 32. Rh5 Nc6 33. Rxh4 Ra8 34. a3 Ne5 35. Rf4+ Ke7 36. h4 Nc4 37. h5 Rb8 38. b3 Nxa3 39. h6 Rc8 40. Rg2 Nb5 41. h7 Rh8 42. Rh4 Kf7 43.
Rg8 Rxg8 44. hxg8=Q+ Kxg8 45. Rh5 Nd6 46. Ra5 Nxe4 47.
Re5 Nc3 48. Rxe6 1-0

[Event "*** Titled Tuesday Blitz"]
[Site "Chess.com"]
[Date "2020.12.29"]
[Round "4"]
[White "IngOscarArdila"]
[Black "Tagliata"]
[Result "0-1"]
[WhiteElo "2104"]
[BlackElo "2294"]
[TimeControl "180+1"]
[EndTime "10:39:25 PST"]
[Termination "Tagliata won by resignation"]

1. d4 d5 2. c4 e6 3. Nc3 f5 4. cxd5 exd5 5. Nf3 Nf6 6. g3 c6 7.
Bg2 Bd6 8. O-O O-O 9. Bg5 h6 10. Bxf6 Qxf6 11. e3 Nd7 12. Qc2 Qe7 13. a3 Nf6 14. b4 a6 15. Rab1 Bd7 16. Na4 Rae8 17. Nc5 Bc8 18. a4 Ne4 19. Rfc1 Nxc5 20. bxc5 Bc7 21. Rb2 Qe4 22. Rcb1 g5 23. Qxe4 fxe4 24. Nd2 Rf7 25. Nf1 Ba5 26. Rc2 Ref8 27. Rbb2 h5 28. h3 Kg7 29. Nh2 h4 30. g4 Kf6 31.
Rb1 Ke7 32. Rf1 Kd8 33. f3 Bc7 34. Rcc1 Bxh2+ 35. Kxh2 exf3 36. Bh1 Re7 37. Rc3 Ref7 38. Kg1 Be6 39. Kf2 Rf6 40. Rb1 Kc8 41. Rcb3 R8f7 42. a5 Kb8 43. Rb6 Kc8 44. R6b4 Rc7 45. Rb6 Rcf7 46.
R1b3 Rc7 47. Rb2 Bf7 48. Ke1 Bg6 49. Rf2 Be4 50. Kd2 Rcf7 51. Rb1 Bxb1 52. Rf1 f2 53. Rxf2 Rxf2+ 54. Kc3 Rh2 0-1

[Event "*** Titled Tuesday Blitz"]
[Site "Chess.com"]
[Date "2020.12.29"]
[Round "4"]
[White "Chamal_Gedgafov"]
[Black "profofchess"]
[Result "1-0"]
[WhiteElo "2216"]
[BlackElo "2400"]
[TimeControl "180+1"]
[EndTime "10:39:26 PST"]
[Termination "Chamal_Gedgafov won by resignation"]

1. e4 e6 2. d4 d5 3. Nd2 Nf6 4. e5 Nfd7 5. c3 c5 6. Qg4 h5 7. Qf4 g5 8. Qe3 Nc6 9. Bd3 Bh6 10. Ne2 f5 11. exf6 Qxf6 12. O-O h4 13. f4 g4 14. dxc5 Nde5 15. Nd4 Nxd3 16. Qxd3 Bd7 17. N2b3 O-O-O 18. Nxc6 Bxc6 19. Nd4 g3 20. h3 Kb8 21. Bd2 Rhf8 22. Rae1 Bd7 23. Nf3 Rfe8 24. Ne5 Re7 25. b4 Be8 26. b5 Bg7 27. Be3 Qf5 28. Qe2 Bxe5 29. fxe5 Qh5 30. Qxh5 Bxh5 31. Bg5 Red7 32. Bxd8 Rxd8 33. Rf4 Be8 34. b6 axb6 35. cxb6 Rc8 36.
Re3 Bb5 37. Rxh4 Bc4 38. a4 Rf8 39. Rxg3 Kc8 40. Rg7 Rf1+ 41. Kh2 Rf8 42. Rhh7 Ba6 43. h4 Kb8 44. h5 Rc8 45. h6 Ka8 46. Rc7 Rg8 47.
Rhg7 Rh8 48. h7 d4 49. Rg8+ 1-0

[Event "*** Titled Tuesday Blitz"]
[Site "Chess.com"]
[Date "2020.12.29"]
[Round "4"]
[White "Msb2"]
[Black "GM_dmitrij"]
[Result "1-0"]
[WhiteElo "2792"]
[BlackElo "2946"]
[TimeControl "180+1"]
[EndTime "10:39:27 PST"]
[Termination "Msb2 won on time"]

1. d4 Nf6 2. c4 e6 3. Nc3 Bb4 4. e3 O-O 5. Bd2 b6 6. Bd3 Bb7 7. Nf3 c5 8. a3 Bxc3 9. Bxc3 cxd4 10. Nxd4 d5 11. O-O Nbd7 12. Bb4 Re8 13. Be2 dxc4 14. Bxc4 Nd5 15. Bd2 Rc8 16. Rc1 a6 17. Qe2 b5 18.
Ba2 Qf6 19. Rxc8 Rxc8 20. Rc1 Rxc1+ 21. Bxc1 e5 22. Nc2 Qc6 23. f3 h6 24. Qd1 e4 25.
Nd4 Qg6 26. f4 Nc5 27. Qc2 Nd3 28. Bd2 Qb6 29. Bxd5 Bxd5 30. Qc8+ Kh7 31. Qf5+ Kg8 32. Qxd5 Qc7 33. Qxe4 Nxb2 34. Qe8+ Kh7 35. Qe4+ Kg8 36. h4 Nc4 37. Bb4 a5 38. Qe8+ Kh7 39. Qe4+ f5 40.
Qxf5+ g6 41. Qxb5 axb4 42. Qxb4 Nxe3 43. Ne2 1-0

[Event "*** Titled Tuesday Blitz"]
[Site "Chess.com"]
[Date "2020.12.29"]
[Round "4"]
[White "Son_of_Sultan"]
[Black "Jumbo"]
[Result "1-0"]
[WhiteElo "2551"]
[BlackElo "2818"]
[TimeControl "180+1"]
[EndTime "10:39:27 PST"]
[Termination "Son_of_Sultan won on time"]

1. Nf3 c6 2. e4 d5 3. d3 Qc7 4. Nc3 dxe4 5. dxe4 e5 6. Bc4 Bc5 7. Ng5 Nh6 8. O-O Nd7 9. h3 b5 10. Bb3 a5 11. a3 Nb6 12. Qh5 O-O 13. Kh1 Nc4 14. f4 f6 15. Nf3 Nf7 16. f5 a4 17.
Bxc4 bxc4 18. Nh2 Bd4 19. Qe2 Nd6 20. Nf3 Rd8 21. Bd2 Bb7 22. Rae1 c5 23. Nd5 Bxd5 24. exd5 Bxb2 25. c3 Rab8 26. g4 Bxa3 27. g5 Nxf5 28. Rg1 e4 29. gxf6 Ng3+ 30. Rxg3 Qxg3 31. Ng5 Rb2 32. Rg1 Qd3 33. f7+ Kh8 34. Qh5 e3 35. Ne6 Rxd2 36. Nxd8 Rf2 37. f8=Q+ Rxf8 38. Nf7+ Rxf7 39.
Qxf7 Qe4+ 40. Rg2 1-0

[Event "*** Titled Tuesday Blitz"]
[Site "Chess.com"]
[Date "2020.12.29"]
[Round "4"]
[White "NovikovaGalina"]
[Black "tsaruk_maks"]
[Result "0-1"]
[WhiteElo "2246"]
[BlackElo "2597"]
[TimeControl "180+1"]
[EndTime "10:39:27 PST"]
[Termination "tsaruk_maks won on time"]

1. e4 e5 2. Nf3 Nc6 3. d4 exd4 4.
Nxd4 Bc5 5. Nb3 Bb6 6. Nc3 Nf6 7.
Bg5 h6 8. Bh4 d6 9. Qe2 O-O 10.
O-O-O Be6 11. f3 a5 12. a4 Re8 13. g4 Ne5 14. h3 Ng6 15. Bf2 Bxf2 16. Qxf2 Bxb3 17.
cxb3 Qe7 18. h4 Qe5 19. Kb1 Rad8 20. Bc4 c6 21. g5 Nh5 22. gxh6 gxh6 23. Rhg1 Kf8 24.
Qe3 Nhf4 25. Rg4 d5 26. Qc5+ Qe7 27. Qxe7+ Rxe7 28. exd5 cxd5 29. Bb5 f5 30. Rgg1 d4 31. Na2 Re3 32. Nc1 Nxh4 33. Nd3 Nxd3 34. Bxd3 Kf7 35. Rh1 Nxf3 36. Rxh6 f4 37. Bc4+ Kg7 38. Rb6 Rd7 39. Rh1 d3 40. Rhh6 Ne5 0-1

[Event "*** Titled Tuesday Blitz"]
[Site "Chess.com"]
[Date "2020.12.29"]
[Round "4"]
[White "erdni1993"]
[Black "Barmen_EV"]
[Result "1-0"]
[WhiteElo "2526"]
[BlackElo "2336"]
[TimeControl "180+1"]
[EndTime "10:39:27 PST"]
[Termination "erdni1993 won by checkmate"]

1. e4 c5 2. Nf3 Nc6 3. d4 cxd4 4. Nxd4 e5 5. Nb5 d6 6. c4 Be7 7. Be2 a6 8. N5c3 f5 9. O-O Nf6 10. exf5 Bxf5 11. Nd5 O-O 12. Be3 Kh8 13. Nxf6 Bxf6 14.
Nc3 Nd4 15. Bd3 Qd7 16. Nd5 Bg4 17. f3 Bh5 18. Nb6 Qc6 19. Nxa8 Rxa8 20. Qd2 Rf8 21. b3 Bf7 22. Be4 Qc7 23. Rae1 Bg8 24.
f4 b5 25. cxb5 axb5 26. fxe5 dxe5 27. Rc1 Qd6 28. Bxd4 exd4 29. Rc6 Qe7 30. Qd3 h6 31. h3 Re8 32. Bf3 Bg5 33. Qxb5 Be3+ 34. Kh1 Qh4 35. Rxh6+ Bxh6 36. Qxe8 Qf6 37. Be2 Bf4 38. Bc4 Kh7 39.
Qxg8+ Kh6 40. Qe6 Kg5 41. Qxf6+ gxf6 42. Rxf4 Kxf4 43. a4 Ke3 44. a5 d3 45. Bxd3 Kxd3 46. a6 f5 47. a7 f4 48. a8=Q Kd4 49. Qf3 Ke5 50. b4 Kf5 51. b5 Ke5 52. b6 Kd6 53.
b7 Kc5 54. b8=Q Kd4 55. Qbxf4+ Kc5 56. h4 Kb5 57. h5 Kc5 58. h6 Kb5 59. h7 Kc5 60.
h8=Q Kb5 61. Qhe5+ Kb6 62. Qff6+ Ka7 63. Qc7# 1-0

[Event "*** Titled Tuesday Blitz"]
[Site "Chess.com"]
[Date "2020.12.29"]
[Round "4"]
[White "DanielNaroditsky"]
[Black "Onischuk_V"]
[Result "1-0"]
[WhiteElo "3125"]
[BlackElo "2799"]
[TimeControl "180+1"]
[EndTime "10:39:28 PST"]
[Termination "DanielNaroditsky won on time"]

1. e4 d6 2. d4 Nf6 3. Nc3 g6 4. Be2 Bg7 5. Nf3 O-O 6. O-O a6 7. a4 Nc6 8. d5 Nb4 9. a5 e6 10. Ra4 c5 11. dxc6 Nxc6 12. Bf4 Ne8 13. Qd2 Nxa5 14.
Rd1 Nc6 15. Bh6 e5 16. Bg5 Bf6 17. Be3 Be6 18. Nd5 Bg7 19. c4 Nf6 20. Qd3 Nd7 21. b4 h6 22. h3 f5 23. b5 fxe4 24. Qxe4 Bf5 25. Qh4 Qxh4 26. Nxh4 axb5 27. Rxa8 Rxa8 28. cxb5 Nd4 29. Bxd4 exd4 30. Nxf5 gxf5 31. Ne7+ Kf8 32. Nxf5 Ra4 33. Nxd6 Nc5 34. b6 Bf6 35. Bf3 Rb4 36. Nxb7 Nxb7 37. Bxb7 Rxb6 38. Be4 Ke7 39. g3 Kd6 40.
Kg2 Rb2 41. Bd3 Bg5 42. h4 Be3 43. Rf1 Rd2 44. Bg6 d3 45. Kf3 Bc5 46. g4 Ke5 47.
g5 1-0

[Event "*** Titled Tuesday Blitz"]
[Site "Chess.com"]
[Date "2020.12.29"]
[Round "4"]
[White "Kaslask"]
[Black "catzapto"]
[Result "0-1"]
[WhiteElo "2274"]
[BlackElo "2117"]
[TimeControl "180+1"]
[EndTime "10:39:28 PST"]
[Termination "catzapto won on time"]

1. e4 c5 2. Nc3 e6 3. f4 Nc6 4.
Nf3 d5 5. Bb5 d4 6. Bxc6+ bxc6 7. Ne2 Nf6 8. d3 Be7 9. O-O O-O 10. b3 a5 11. a4 Rb8 12. Ba3 Qd7 13. h3 Rd8 14.
Ne5 Qc7 15. Qe1 Ra8 16. Nc4 Ne8 17. e5 Ba6 18. Nd2 f6 19. Ng3 fxe5 20. Nf3 exf4 21. Qxe6+ Kh8 22. Ne5 Nd6 23. Rxf4 Rf8 24. Raf1 Rxf4 25.
Rxf4 Bf6 26. Rxf6 gxf6 27. Qxd6 Qxd6 28. Nf7+ Kg7 29. Nxd6 c4 30. bxc4 Bc8 31. Bc5 Rb8 32.
Bxd4 Be6 33. Nh5+ Kg6 34. Nf4+ Kh6 35. Nxe6 f5 36. Nxf5+ Kg6 37. g4 h5 38. Nf4+ Kg5 39.
Nxh5 c5 40. Bf6+ Kg6 41. Ne7+ Kh7 42. g5 Rb1+ 43. Kg2 Rg1+ 44. Kf3 Rg3+ 45. Ke4 Re3+ 46.
Kd5 Re5+ 47. Kd6 Re6+ 48. Kxc5 Re5+ 49. Kb6 Rb5+ 50. Kc7 Rb7+ 51. Kd8 Rd7+ 52. Ke8 Rd8+ 53. Kf7 Rf8+ 54. Ke6 Rxf6+ 55. Nxf6+ Kh8 0-1

[Event "*** Titled Tuesday Blitz"]
[Site "Chess.com"]
[Date "2020.12.29"]
[Round "4"]
[White "PotapovaM"]
[Black "ChristopherYoo"]
[Result "0-1"]
[WhiteElo "2543"]
[BlackElo "2873"]
[TimeControl "180+1"]
[EndTime "10:39:29 PST"]
[Termination "ChristopherYoo won by checkmate"]

1. d4 Nf6 2. c4 e6 3. Nf3 d5 4. Nc3 dxc4 5. e4 Bb4 6. Bxc4 Nxe4 7. O-O Nxc3 8. bxc3 Bd6 9. Qe2 O-O 10. Rd1 Nc6 11. Bd3 f6 12. Qe4 g6 13. Bh6 Re8 14. h4 Ne7 15. h5 Bd7 16. Nh4 f5 17. Qe1 Nd5 18. g3 Qf6 19. hxg6 hxg6 20. Nf3 Bc6 21. Ng5 Qh8 22.
c4 Qxh6 23. Qd2 Nf4 24. d5 Qxg5 25. dxc6 bxc6 26. Bf1 Rad8 27. Qe3 e5 28. c5 Bf8 29. Bc4+ Kg7 30. Re1 Kf6 31. Kf1 Qh6 32. gxf4 exf4 33. Qc3+ Kg5 34. Rxe8 Qh1+ 35. Ke2 Rxe8+ 36. Kd2 Qg2 37. Rf1 Bxc5 38. Qd3 Bxf2 39. Kc3 Re3 40. Kb4 Rxd3 41. Bxd3 Bd4 42. Bc4 Qd2+ 43. Kb3 Qc3+ 44. Ka4 Qxc4+ 45. Ka5 Bb6# 0-1

[Event "*** Titled Tuesday Blitz"]
[Site "Chess.com"]
[Date "2020.12.29"]
[Round "4"]
[White "Rozum_Ivan"]
[Black "hansen"]
[Result "0-1"]
[WhiteElo "2738"]
[BlackElo "2906"]
[TimeControl "180+1"]
[EndTime "10:39:31 PST"]
[Termination "hansen won by resignation"]

1. d4 Nf6 2. c4 g6 3. g3 Bg7 4. Bg2 O-O 5. Nc3 d6 6. Nf3 Nbd7 7. O-O e5 8. e4 exd4 9. Nxd4 c6 10. Be3 Re8 11.
Re1 Qa5 12. h3 Ne5 13. Qb3 Nfd7 14. Bf1 Nc5 15. Qc2 Ne6 16. Kg2 Nxd4 17. Bxd4 Nf3 18.
Kxf3 Bxd4 19. Kg2 Be6 20. Rad1 Be5 21. f4 Bxc3 22. Qxc3 Qxc3 23. bxc3 Rad8 24. Rd2 Kf8 25. Kf2 f6 26. Rb1 Rd7 27. Rdb2 Ree7 28. h4 f5 29. Re1 fxe4 30. Rxe4 Bf5 31. Rd4 h5 32. Bd3 Kf7 33.
Bxf5 gxf5 34. Rbd2 Re6 35. c5 Ke7 36. c4 b6 37. cxb6 axb6 38. Rb2 Ra7 39. Rdd2 Ra6 40. Rb4 c5 41. Rb3 Re4 42. Rc2 Ra4 43. Rxb6 Raxc4 44. Rxc4 Rxc4 45. Rb7+ Ke6 46. Rb2 Ra4 47. Ke3 Ra3+ 48.
Kf2 c4 49. Rd2 d5 50. Re2+ Kd6 51. Re5 Rxa2+ 0-1

[Event "*** Titled Tuesday Blitz"]
[Site "Chess.com"]
[Date "2020.12.29"]
[Round "4"]
[White "KyronGriffith"]
[Black "Kolle05"]
[Result "0-1"]
[WhiteElo "2545"]
[BlackElo "2395"]
[TimeControl "180+1"]
[EndTime "10:39:32 PST"]
[Termination "Kolle05 won on time"]

1. e4 c5 2. Nf3 d6 3. d4 cxd4 4. Nxd4 Nf6 5. Nc3 a6 6. Nb3 g6 7. Be2 Bg7 8. O-O O-O 9. a4 Nc6 10. Be3 Be6 11. f4 Rc8 12. Kh1 Nb4 13. Nd4 Bc4 14. Bd3 Bxd3 15. cxd3 Nd7 16. Qd2 Nc5 17.
Rad1 Ncxd3 18. Nd5 a5 19. Qe2 Nxd5 20. exd5 Nb4 21.
Qf3 Nc2 22. Bg1 Nxd4 23. Bxd4 Rc2 24. Bxg7 Kxg7 25. f5 f6 26. fxg6 hxg6 27. Qb3 Qc7 28. Rde1 Re8 29. Rf3 Rc1 30. Re3 Rxe1+ 31. Rxe1 Rh8 32.
Qe3 Kf7 33. Rc1 Qd7 34. b3 Rh5 35. Rd1 Qg4 36. Re1 Re5 37. Qd2 Qg5 38. Qd1 Rxd5 39. Qb1 Re5 40. Rf1 Re2 41. Rg1 Qf5 42. Qc1 Qe5 43. Qc4+ d5 44. Qb5 Re1 45. h3 Rxg1+ 46. Kxg1 d4 47. Qc4+ Kg7 48. Kf1 Qe3 49. Qd5 d3 50. h4 d2 0-1